[ PARTIDA AOE2 · #472267611 ]
UnrankedTurcos vs Lithuanians
Equipo del jugador · DERR
[ ANÁLISIS DE REPETICIÓN · EXTRAÍDO DE LA PARTIDA GRABADA ]
Feudal
11:45
Castillos
15:24
Imperial
—
| APM promedio | 35.7 |
| APM pico | 70 |
| eAPM promedio | 16.3 |
| Aldeanos / militares | 43 / 0 |
Foco
⚔️ 22.3% · 🌾 77.7%
Feudal
12:11
Castillos
15:43
Imperial
—
| APM promedio | 36.6 |
| APM pico | 133 |
| eAPM promedio | 25.4 |
| Aldeanos / militares | 75 / 2 |
Foco
⚔️ 33.0% · 🌾 67.0%
Monk ×2
Feudal
10:56
Castillos
19:05
Imperial
—
| APM promedio | 31.5 |
| APM pico | 68 |
| eAPM promedio | 15.5 |
| Aldeanos / militares | 44 / 0 |
Foco
⚔️ 15.5% · 🌾 84.5%
Feudal
8:08
Castillos
—
Imperial
—
| APM promedio | 38.1 |
| APM pico | 78 |
| eAPM promedio | 19.2 |
| Aldeanos / militares | 43 / 3 |
Foco
⚔️ 25.1% · 🌾 74.9%
Spearman ×3 · Unknown (2550) ×2
Feudal
11:29
Castillos
15:05
Imperial
—
| APM promedio | 23.5 |
| APM pico | 66 |
| eAPM promedio | 13.2 |
| Aldeanos / militares | 57 / 0 |
Foco
⚔️ 19.7% · 🌾 80.3%
Feudal
11:21
Castillos
15:09
Imperial
—
| APM promedio | 76.3 |
| APM pico | 166 |
| eAPM promedio | 47.6 |
| Aldeanos / militares | 74 / 0 |
Foco
⚔️ 46.4% · 🌾 53.6%
Feudal
10:56
Castillos
14:39
Imperial
—
| APM promedio | 30.4 |
| APM pico | 52 |
| eAPM promedio | 13.6 |
| Aldeanos / militares | 76 / 2 |
Foco
⚔️ 19.0% · 🌾 81.0%
Cavalry Archer ×2
Feudal
11:04
Castillos
14:38
Imperial
—
| APM promedio | 49.2 |
| APM pico | 112 |
| eAPM promedio | 23.8 |
| Aldeanos / militares | 62 / 0 |
Foco
⚔️ 28.2% · 🌾 71.8%
Mapa de la partida
Recursos iniciales + cada clic de construcción. Líneas = muros · curvas = relieve. ◆ oro · ⬟ piedra · ● bayas · ✦ reliquia · ◌ hueco del cierre
Tu base· ✓ Cerrada en 15:24 · 0t muro · 2 puerta(s)
Base de hK | Soldier Boy· ✓ Cerrada en 15:43 · 0t muro · 3 puerta(s)
Base de IAmCharlieKirk67DiddyFan· ✓ Cerrada en 19:05 · 29t muro · 1 puerta(s)
Base de MooN | MooN· ✓ Cerrada en 12:00 · 0t muro · 2 puerta(s)
Base de Feisty· ✓ Cerrada en 15:05 · 0t muro · 2 puerta(s)
Base de hK | Danyboing· ✓ Cerrada en 15:09 · 0t muro · 2 puerta(s)
Base de _LY_Pala· ✓ Cerrada en 14:39 · 0t muro · 2 puerta(s)
Base de calypso1119· ✓ Cerrada en 14:38 · 10t muro · 4 puerta(s)
Terreno inicial suavizado · ◌ = hueco del cierre detectado · pasá el cursor para detalles
Inputs por minuto
— 2Fost2Furious - - hK | Soldier Boy
Build order — 2Fost2Furious
86 acciones detectadas en el replay
| 0:00 | Crear | Villager (Male) |
| 0:00 | Crear | Villager (Male) |
| 0:01 | Crear | Villager (Male) |
| 0:02 | Construir | House |
| 0:03 | Construir | House |
| 0:10 | Crear | Villager (Male) |
| 0:10 | Crear | Villager (Male) |
| 1:27 | Crear | Villager (Male) |
| 1:27 | Crear | Villager (Male) |
| 1:48 | Construir | Lumber Camp |
| 1:55 | Crear | Villager (Male) |
| 1:56 | Crear | Villager (Male) |
| 2:23 | Crear | Villager (Male) |
| 2:23 | Crear | Villager (Male) |
| 2:45 | Crear | Villager (Male) |
| 2:45 | Crear | Villager (Male) |
| 3:03 | Crear | Villager (Male) |
| 3:03 | Crear | Villager (Male) |
| 3:36 | Crear | Villager (Male) |
| 3:37 | Crear | Villager (Male) |
| 3:44 | Construir | House |
| 3:48 | Construir | Mill |
| 3:55 | Crear | Villager (Male) |
| 3:56 | Crear | Villager (Male) |
| 4:28 | Crear | Villager (Male) |
| 4:28 | Crear | Villager (Male) |
| 4:57 | Crear | Villager (Male) |
| 4:57 | Crear | Villager (Male) |
| 5:19 | Crear | Villager (Male) |
| 5:20 | Crear | Villager (Male) |
| 5:29 | Construir | Mill |
| 5:36 | Crear | Villager (Male) |
| 5:36 | Crear | Villager (Male) |
| 6:02 | Construir | House |
| 6:29 | Crear | Villager (Male) |
| 6:30 | Crear | Villager (Male) |
| 6:42 | Crear | Villager (Male) |
| 6:42 | Crear | Villager (Male) |
| 6:45 | Construir | Lumber Camp |
| 6:58 | Crear | Villager (Male) |
| 7:14 | Crear | Villager (Male) |
| 7:14 | Crear | Villager (Male) |
| 7:18 | Construir | House |
| 7:18 | Construir | House |
| 7:23 | Construir | House |
| 8:02 | Crear | Villager (Male) |
| 8:02 | Crear | Villager (Male) |
| 8:48 | Construir | Mining Camp |
| 8:58 | Construir | Farm |
| 9:08 | Investigar | Feudal Age |
| 9:17 | Construir | Mining Camp |
| 9:50 | Crear | Villager (Male) |
| 9:50 | Crear | Villager (Male) |
| 11:45 | Edad | Edad Feudal |
| 11:47 | Construir | Market |
| 11:50 | Construir | Blacksmith |
| 12:44 | Investigar | Castle Age |
| 12:44 | Investigar | Castle Age |
| 12:56 | Construir | Farm |
| 12:57 | Construir | Farm |
| 13:17 | Investigar | Double-Bit Axe |
| 13:17 | Investigar | Double-Bit Axe |
| 13:59 | Construir | Farm |
| 14:00 | Construir | Farm |
| 14:01 | Construir | Farm |
| 14:40 | Investigar | Loom |
| 14:41 | Crear | Villager (Male) |
| 14:41 | Crear | Villager (Male) |
| 15:24 | Edad | Edad de los Castillos |
| 16:01 | Investigar | Bow Saw |
| 16:02 | Crear | Villager (Male) |
| 16:42 | Crear | Villager (Male) |
| 17:12 | Construir | Castle |
| 17:15 | Crear | Villager (Male) |
| 17:17 | Construir | House |
| 17:18 | Construir | House |
| 17:55 | Construir | Stone Wall |
| 17:57 | Construir | Stone Wall |
| 17:57 | Construir | Stone Wall |
| 18:00 | Construir | Stone Wall |
| 18:01 | Construir | Stone Wall |
| 18:02 | Construir | Stone Wall |
| 18:04 | Construir | Stone Wall |
| 18:05 | Construir | Stone Wall |
| 18:06 | Construir | Stone Wall |
| 18:28 | Investigar | Wheelbarrow |
Build order — hK | Soldier Boy
93 acciones detectadas en el replay
| 0:01 | Crear | Villager (Male) ×5 |
| 0:01 | Crear | Villager (Male) ×5 |
| 0:02 | Construir | House |
| 0:04 | Construir | House |
| 1:23 | Crear | Villager (Male) |
| 1:23 | Crear | Villager (Male) |
| 1:56 | Construir | Lumber Camp |
| 2:05 | Crear | Villager (Male) |
| 2:20 | Crear | Villager (Male) |
| 2:20 | Crear | Villager (Male) |
| 2:49 | Crear | Villager (Male) |
| 2:50 | Crear | Villager (Male) |
| 3:16 | Crear | Villager (Male) |
| 3:37 | Crear | Villager (Male) |
| 3:52 | Construir | House |
| 4:13 | Construir | House |
| 4:58 | Crear | Villager (Male) |
| 5:01 | Crear | Villager (Male) |
| 5:05 | Crear | Villager (Male) |
| 5:37 | Crear | Villager (Male) |
| 5:37 | Crear | Villager (Male) ×2 |
| 5:55 | Crear | Villager (Male) |
| 5:56 | Crear | Villager (Male) |
| 6:25 | Construir | Mill |
| 6:53 | Crear | Villager (Male) |
| 6:54 | Crear | Villager (Male) ×5 |
| 6:54 | Crear | Villager (Male) ×5 |
| 7:13 | Construir | House |
| 7:26 | Construir | Mill |
| 7:35 | Construir | Farm |
| 7:37 | Construir | Farm |
| 7:40 | Construir | Farm |
| 8:40 | Construir | Lumber Camp |
| 9:15 | Investigar | Feudal Age |
| 9:39 | Construir | Mining Camp |
| 10:03 | Construir | Farm |
| 10:12 | Construir | Farm |
| 10:44 | Crear | Villager (Male) |
| 10:44 | Crear | Villager (Male) |
| 11:48 | Construir | House |
| 12:11 | Edad | Edad Feudal |
| 12:14 | Construir | Market |
| 12:21 | Construir | Blacksmith |
| 12:22 | Investigar | Double-Bit Axe |
| 12:23 | Investigar | Horse Collar |
| 13:03 | Investigar | Castle Age |
| 13:29 | Construir | Farm |
| 13:32 | Construir | Farm |
| 13:38 | Construir | Farm |
| 13:54 | Crear | Villager (Male) |
| 13:54 | Crear | Villager (Male) |
| 13:58 | Construir | Farm |
| 15:43 | Edad | Edad de los Castillos |
| 15:44 | Construir | Town Center |
| 15:49 | Construir | Town Center |
| 16:14 | Crear | Villager (Male) |
| 16:32 | Construir | Monastery |
| 16:34 | Crear | Villager (Male) |
| 16:45 | Investigar | Bow Saw |
| 16:45 | Investigar | Heavy Plow |
| 16:51 | Crear | Villager (Male) |
| 16:57 | Crear | Villager (Male) |
| 16:57 | Crear | Villager (Male) |
| 17:02 | Construir | Farm |
| 17:16 | Crear | Monk |
| 17:20 | Crear | Monk |
| 17:24 | Crear | Villager (Male) |
| 17:26 | Construir | Farm |
| 17:27 | Construir | Farm |
| 17:28 | Crear | Villager (Male) |
| 17:45 | Crear | Villager (Male) ×5 |
| 17:45 | Crear | Villager (Male) |
| 17:46 | Crear | Villager (Male) ×5 |
| 17:46 | Crear | Villager (Male) ×5 |
| 17:49 | Construir | Farm |
| 17:57 | Construir | Farm |
| 18:00 | Construir | Farm |
| 18:19 | Crear | Villager (Male) ×2 |
| 18:20 | Crear | Villager (Male) ×2 |
| 18:30 | Crear | Villager (Male) |
| 18:40 | Construir | Town Center |
| 18:45 | Construir | House |
| 18:47 | Crear | Villager (Male) |
| 18:47 | Crear | Villager (Male) |
| 18:49 | Construir | House |
| 18:50 | Construir | House |
| 18:59 | Crear | Villager (Male) |
| 18:59 | Crear | Villager (Male) |
| 19:02 | Construir | Farm |
| 19:04 | Construir | Farm |
| 19:07 | Construir | Farm |
| 19:08 | Crear | Villager (Male) |
| 19:16 | Investigar | Wheelbarrow |
Build order — IAmCharlieKirk67DiddyFan
100 acciones detectadas en el replay
| 0:00 | Crear | Villager (Male) |
| 0:01 | Construir | House |
| 0:02 | Construir | House |
| 0:09 | Crear | Villager (Male) |
| 0:09 | Crear | Villager (Male) |
| 0:11 | Crear | Villager (Male) |
| 1:28 | Crear | Villager (Male) |
| 1:28 | Crear | Villager (Male) |
| 1:44 | Construir | Lumber Camp |
| 1:59 | Crear | Villager (Male) |
| 1:59 | Crear | Villager (Male) |
| 2:15 | Crear | Villager (Male) |
| 2:16 | Crear | Villager (Male) |
| 2:48 | Crear | Villager (Male) |
| 2:48 | Crear | Villager (Male) |
| 3:02 | Construir | House |
| 3:10 | Crear | Villager (Male) |
| 3:10 | Crear | Villager (Male) |
| 3:31 | Crear | Villager (Male) |
| 3:51 | Crear | Villager (Male) |
| 3:51 | Crear | Villager (Male) |
| 4:14 | Construir | Mill |
| 4:17 | Crear | Villager (Male) |
| 4:17 | Crear | Villager (Male) |
| 4:35 | Crear | Villager (Male) |
| 4:44 | Crear | Villager (Male) |
| 5:07 | Crear | Villager (Male) |
| 5:44 | Crear | Villager (Male) |
| 5:53 | Construir | House |
| 6:01 | Crear | Villager (Male) |
| 6:18 | Construir | Lumber Camp |
| 6:39 | Crear | Villager (Male) |
| 7:01 | Crear | Villager (Male) |
| 7:09 | Construir | Farm |
| 7:11 | Construir | Farm |
| 7:14 | Crear | Villager (Male) |
| 7:33 | Construir | Farm |
| 7:46 | Crear | Villager (Male) |
| 7:52 | Construir | House |
| 8:06 | Construir | Mill |
| 8:18 | Construir | Palisade Wall |
| 8:25 | Investigar | Feudal Age |
| 8:53 | Construir | House |
| 8:54 | Construir | House |
| 9:32 | Crear | Villager (Male) |
| 9:32 | Crear | Villager (Male) |
| 9:40 | Construir | House |
| 9:45 | Construir | Palisade Wall |
| 9:54 | Construir | Palisade Wall |
| 10:18 | Construir | Palisade Wall |
| 10:31 | Crear | Villager (Male) |
| 10:32 | Crear | Villager (Male) |
| 10:36 | Construir | Palisade Wall |
| 10:52 | Construir | House |
| 10:56 | Edad | Edad Feudal |
| 11:01 | Construir | Market |
| 11:09 | Investigar | Double-Bit Axe |
| 11:28 | Investigar | Loom |
| 11:36 | Construir | Farm |
| 11:38 | Construir | Farm |
| 11:57 | Construir | Market |
| 11:59 | Construir | Palisade Wall |
| 12:00 | Construir | Palisade Wall |
| 12:05 | Construir | Palisade Wall |
| 12:05 | Construir | Palisade Wall |
| 12:12 | Construir | Palisade Wall |
| 12:12 | Construir | Palisade Wall |
| 12:15 | Crear | Villager (Male) |
| 12:33 | Crear | Villager (Male) |
| 12:39 | Construir | Farm |
| 12:42 | Crear | Villager (Male) |
| 13:00 | Construir | Farm |
| 13:05 | Construir | Farm |
| 13:08 | Construir | Farm |
| 13:11 | Crear | Villager (Male) |
| 13:44 | Crear | Villager (Male) |
| 14:01 | Construir | Blacksmith |
| 14:15 | Crear | Villager (Male) |
| 14:21 | Construir | Farm |
| 14:45 | Crear | Villager (Male) |
| 14:51 | Construir | Farm |
| 14:57 | Construir | Mining Camp |
| 14:57 | Crear | Villager (Male) |
| 15:06 | Construir | House |
| 15:19 | Crear | Villager (Male) |
| 15:39 | Crear | Villager (Male) |
| 15:43 | Construir | Farm |
| 15:45 | Investigar | Horse Collar |
| 15:47 | Construir | Farm |
| 15:52 | Construir | House |
| 16:25 | Investigar | Castle Age |
| 17:03 | Construir | House |
| 17:13 | Construir | House |
| 17:25 | Crear | Villager (Male) |
| 17:25 | Crear | Villager (Male) |
| 18:19 | Construir | House |
| 18:20 | Construir | House |
| 19:05 | Edad | Edad de los Castillos |
| 19:14 | Construir | Siege Workshop |
| 19:15 | Investigar | Bow Saw |
Build order — MooN | MooN
82 acciones detectadas en el replay
| 0:01 | Crear | Villager (Male) |
| 0:01 | Crear | Villager (Male) |
| 0:02 | Crear | Villager (Male) |
| 0:04 | Construir | House |
| 0:07 | Construir | House |
| 0:23 | Crear | Villager (Male) |
| 0:24 | Crear | Villager (Male) |
| 1:29 | Crear | Villager (Male) |
| 1:30 | Crear | Villager (Male) |
| 1:33 | Crear | Villager (Male) |
| 2:08 | Crear | Villager (Male) |
| 2:14 | Crear | Villager (Male) |
| 3:05 | Construir | Settlement |
| 3:13 | Crear | Villager (Male) |
| 3:47 | Crear | Villager (Male) |
| 3:48 | Crear | Villager (Male) |
| 3:56 | Crear | Villager (Male) |
| 5:08 | Crear | Villager (Male) |
| 5:08 | Investigar | Loom |
| 5:48 | Investigar | Feudal Age |
| 5:58 | Construir | Settlement |
| 7:47 | Crear | Villager (Male) |
| 7:49 | Crear | Villager (Male) |
| 7:50 | Crear | Villager (Male) |
| 7:50 | Crear | Villager (Male) |
| 7:50 | Crear | Villager (Male) |
| 7:51 | Crear | Villager (Male) |
| 8:08 | Edad | Edad Feudal |
| 8:11 | Construir | Watch Tower |
| 8:14 | Construir | House |
| 8:17 | Crear | Villager (Male) |
| 8:39 | Construir | House |
| 9:29 | Construir | Blacksmith |
| 9:51 | Crear | Villager (Male) |
| 10:13 | Crear | Villager (Male) |
| 10:23 | Construir | Settlement |
| 10:48 | Construir | Watch Tower |
| 10:56 | Crear | Villager (Male) |
| 10:56 | Crear | Villager (Male) |
| 11:06 | Investigar | Fletching |
| 11:35 | Crear | Villager (Male) |
| 11:43 | Construir | Watch Tower |
| 11:54 | Crear | Villager (Male) |
| 11:57 | Construir | Farm |
| 12:02 | Crear | Villager (Male) |
| 12:12 | Construir | Watch Tower |
| 12:47 | Crear | Villager (Male) |
| 12:54 | Construir | Gate |
| 13:00 | Crear | Villager (Male) |
| 13:06 | Construir | Farm |
| 13:10 | Construir | Farm |
| 13:44 | Crear | Villager (Male) |
| 13:47 | Construir | Farm |
| 13:50 | Construir | Farm |
| 14:11 | Construir | Farm |
| 14:16 | Construir | Farm |
| 14:20 | Crear | Villager (Male) |
| 14:50 | Investigar | Double-Bit Axe |
| 14:52 | Crear | Villager (Male) |
| 15:24 | Construir | House |
| 15:36 | Construir | Outpost |
| 15:37 | Crear | Villager (Male) |
| 15:48 | Construir | Settlement |
| 16:11 | Investigar | Wheelbarrow |
| 16:32 | Crear | Villager (Male) |
| 16:33 | Crear | Villager (Male) |
| 16:39 | Construir | Barracks |
| 16:49 | Construir | Barracks |
| 16:51 | Crear | Villager (Male) |
| 17:16 | Crear | Unit 2550 |
| 17:16 | Crear | Unit 2550 |
| 17:20 | Crear | Villager (Male) |
| 17:21 | Crear | Villager (Male) |
| 17:33 | Crear | Spearman |
| 17:44 | Construir | Watch Tower |
| 18:11 | Crear | Villager (Male) |
| 18:27 | Crear | Spearman |
| 18:28 | Crear | Spearman |
| 18:39 | Crear | Villager (Male) |
| 18:49 | Crear | Villager (Male) |
| 18:53 | Construir | Farm |
| 18:55 | Construir | Farm |
Build order — Feisty
99 acciones detectadas en el replay
| 0:00 | Crear | Villager (Male) |
| 0:01 | Crear | Villager (Male) |
| 0:02 | Construir | House |
| 0:05 | Construir | House |
| 0:10 | Crear | Villager (Male) |
| 0:11 | Crear | Villager (Male) |
| 0:11 | Crear | Villager (Male) |
| 1:27 | Crear | Villager (Male) |
| 1:54 | Construir | Lumber Camp |
| 1:58 | Crear | Villager (Male) |
| 1:58 | Crear | Villager (Male) |
| 2:32 | Crear | Villager (Male) |
| 2:32 | Crear | Villager (Male) |
| 2:36 | Crear | Villager (Male) |
| 2:36 | Crear | Villager (Male) |
| 3:06 | Crear | Villager (Male) |
| 3:07 | Crear | Villager (Male) |
| 3:22 | Construir | House |
| 3:26 | Crear | Villager (Male) |
| 3:27 | Crear | Villager (Male) |
| 4:03 | Crear | Villager (Male) |
| 4:03 | Crear | Villager (Male) |
| 4:28 | Crear | Villager (Male) |
| 4:29 | Crear | Villager (Male) |
| 4:48 | Crear | Villager (Male) |
| 4:48 | Crear | Villager (Male) |
| 5:21 | Crear | Villager (Male) |
| 5:21 | Crear | Villager (Male) |
| 5:26 | Construir | House |
| 5:43 | Construir | Mill |
| 5:49 | Crear | Villager (Male) |
| 5:50 | Crear | Villager (Male) |
| 5:50 | Crear | Villager (Male) |
| 6:04 | Crear | Villager (Male) |
| 6:05 | Crear | Villager (Male) |
| 6:05 | Crear | Villager (Male) |
| 6:29 | Construir | Mill |
| 7:05 | Crear | Villager (Male) |
| 7:11 | Construir | Lumber Camp |
| 7:49 | Crear | Villager (Male) |
| 7:50 | Crear | Villager (Male) |
| 8:04 | Construir | Pasture |
| 8:24 | Construir | House |
| 8:27 | Crear | Villager (Male) |
| 8:57 | Crear | Villager (Male) |
| 9:09 | Construir | Pasture |
| 9:13 | Investigar | Feudal Age |
| 9:14 | Investigar | Feudal Age |
| 9:32 | Construir | Pasture |
| 9:45 | Crear | Villager (Male) |
| 9:45 | Crear | Villager (Male) |
| 11:29 | Edad | Edad Feudal |
| 11:30 | Construir | Blacksmith |
| 11:34 | Construir | Market |
| 12:25 | Investigar | Castle Age |
| 12:25 | Investigar | Castle Age |
| 12:39 | Investigar | Double-Bit Axe |
| 12:40 | Investigar | Double-Bit Axe |
| 13:58 | Investigar | Tech 1014 |
| 13:59 | Investigar | Tech 1014 |
| 14:13 | Construir | Pasture |
| 14:17 | Construir | House |
| 14:23 | Investigar | Wheelbarrow |
| 14:50 | Crear | Villager (Male) |
| 14:52 | Crear | Villager (Male) |
| 15:03 | Construir | House |
| 15:05 | Edad | Edad de los Castillos |
| 15:10 | Construir | Town Center |
| 15:14 | Crear | Villager (Male) |
| 15:18 | Construir | Town Center |
| 16:02 | Crear | Villager (Male) |
| 16:05 | Investigar | Bow Saw |
| 16:06 | Investigar | Bow Saw |
| 16:15 | Construir | Pasture |
| 16:31 | Crear | Villager (Male) |
| 16:32 | Crear | Villager (Male) |
| 16:33 | Crear | Villager (Male) |
| 16:33 | Crear | Villager (Male) |
| 16:33 | Crear | Villager (Male) |
| 16:37 | Crear | Villager (Male) |
| 16:42 | Construir | Barracks |
| 16:44 | Crear | Villager (Male) |
| 16:51 | Construir | Pasture |
| 16:54 | Construir | Pasture |
| 17:01 | Construir | Pasture |
| 17:26 | Crear | Villager (Male) |
| 17:26 | Crear | Villager (Male) |
| 17:27 | Crear | Villager (Male) |
| 17:30 | Construir | Barracks |
| 17:31 | Crear | Villager (Male) |
| 18:19 | Construir | Pasture |
| 18:19 | Crear | Villager (Male) |
| 18:19 | Crear | Villager (Male) |
| 18:21 | Construir | Pasture |
| 18:22 | Construir | Pasture |
| 18:23 | Crear | Villager (Male) |
| 18:25 | Crear | Villager (Male) |
| 18:25 | Crear | Villager (Male) |
| 18:33 | Construir | Stable |
Build order — hK | Danyboing
135 acciones detectadas en el replay
| 0:01 | Crear | Villager (Male) |
| 0:02 | Construir | House |
| 0:02 | Construir | House |
| 0:03 | Crear | Villager (Male) |
| 0:10 | Crear | Villager (Male) |
| 0:16 | Crear | Villager (Male) |
| 1:32 | Crear | Villager (Male) |
| 1:46 | Construir | Lumber Camp |
| 2:02 | Crear | Villager (Male) |
| 2:03 | Crear | Villager (Male) |
| 2:32 | Crear | Villager (Male) |
| 3:15 | Crear | Villager (Male) |
| 3:16 | Crear | Villager (Male) |
| 3:39 | Crear | Villager (Male) |
| 3:39 | Crear | Villager (Male) |
| 3:50 | Construir | House |
| 3:50 | Construir | House |
| 3:51 | Construir | House |
| 4:12 | Crear | Villager (Male) |
| 4:32 | Crear | Villager (Male) |
| 4:33 | Crear | Villager (Male) |
| 4:48 | Construir | Mill |
| 4:50 | Crear | Villager (Male) |
| 5:00 | Construir | Mill |
| 5:03 | Construir | Mill |
| 5:31 | Crear | Villager (Male) |
| 5:44 | Crear | Villager (Male) |
| 6:08 | Crear | Villager (Male) |
| 6:14 | Crear | Villager (Male) |
| 6:18 | Crear | Villager (Male) |
| 6:58 | Construir | Mill |
| 7:03 | Crear | Villager (Male) |
| 7:28 | Crear | Villager (Male) |
| 7:32 | Crear | Villager (Male) |
| 7:52 | Crear | Villager (Male) |
| 8:14 | Crear | Villager (Male) |
| 8:26 | Construir | Mining Camp |
| 9:06 | Investigar | Feudal Age |
| 9:39 | Construir | Farm |
| 9:41 | Construir | Farm |
| 10:04 | Construir | House |
| 10:52 | Construir | House |
| 11:02 | Crear | Villager (Male) |
| 11:02 | Crear | Villager (Male) |
| 11:21 | Edad | Edad Feudal |
| 11:25 | Construir | Market |
| 11:27 | Construir | Blacksmith |
| 11:46 | Construir | Lumber Camp |
| 12:29 | Investigar | Castle Age |
| 12:29 | Investigar | Castle Age |
| 12:29 | Investigar | Castle Age |
| 13:06 | Crear | Villager (Male) |
| 13:06 | Crear | Villager (Male) |
| 13:12 | Investigar | Horse Collar |
| 13:13 | Investigar | Horse Collar |
| 13:18 | Construir | Farm |
| 13:19 | Construir | Farm |
| 13:32 | Construir | Farm |
| 13:53 | Investigar | Double-Bit Axe |
| 13:53 | Investigar | Double-Bit Axe |
| 13:53 | Investigar | Double-Bit Axe |
| 14:49 | Construir | Farm |
| 14:57 | Construir | Farm |
| 15:09 | Edad | Edad de los Castillos |
| 15:13 | Construir | Town Center |
| 15:14 | Construir | Town Center |
| 15:15 | Crear | Villager (Male) |
| 15:16 | Construir | Town Center |
| 15:19 | Crear | Villager (Male) |
| 15:34 | Construir | Farm |
| 15:38 | Investigar | Wheelbarrow |
| 15:38 | Investigar | Wheelbarrow |
| 15:52 | Construir | Farm |
| 15:55 | Construir | Farm |
| 16:07 | Crear | Villager (Male) |
| 16:08 | Crear | Villager (Male) |
| 16:11 | Construir | Farm |
| 16:12 | Crear | Villager (Male) |
| 16:13 | Construir | Farm |
| 16:22 | Construir | Farm |
| 16:23 | Construir | Farm |
| 16:39 | Crear | Villager (Male) |
| 16:42 | Construir | Farm |
| 16:43 | Crear | Villager (Male) |
| 16:45 | Construir | Farm |
| 17:03 | Construir | Farm |
| 17:08 | Crear | Villager (Male) |
| 17:15 | Crear | Villager (Male) |
| 17:15 | Crear | Villager (Male) |
| 17:15 | Crear | Villager (Male) |
| 17:16 | Construir | Farm |
| 17:17 | Crear | Villager (Male) |
| 17:17 | Crear | Villager (Male) |
| 17:18 | Crear | Villager (Male) |
| 17:32 | Construir | Farm |
| 17:33 | Crear | Villager (Male) |
| 17:33 | Crear | Villager (Male) |
| 17:33 | Crear | Villager (Male) |
| 17:41 | Crear | Villager (Male) |
| 17:44 | Construir | Farm |
| 17:48 | Crear | Villager (Male) |
| 17:49 | Construir | Farm |
| 17:51 | Crear | Villager (Male) |
| 17:51 | Crear | Villager (Male) |
| 17:51 | Crear | Villager (Male) |
| 17:56 | Crear | Villager (Male) |
| 18:00 | Construir | Farm |
| 18:13 | Crear | Villager (Male) |
| 18:13 | Crear | Villager (Male) |
| 18:13 | Crear | Villager (Male) |
| 18:16 | Construir | Farm |
| 18:16 | Crear | Villager (Male) |
| 18:16 | Crear | Villager (Male) |
| 18:20 | Crear | Villager (Male) |
| 18:21 | Crear | Villager (Male) |
| 18:21 | Crear | Villager (Male) |
| 18:24 | Construir | Farm |
| 18:26 | Crear | Villager (Male) |
| 18:36 | Crear | Villager (Male) |
| 18:39 | Construir | Farm |
| 18:42 | Construir | Farm |
| 18:42 | Crear | Villager (Male) |
| 18:57 | Crear | Villager (Male) |
| 18:57 | Crear | Villager (Male) |
| 19:00 | Crear | Villager (Male) |
| 19:00 | Crear | Villager (Male) |
| 19:03 | Crear | Villager (Male) |
| 19:03 | Crear | Villager (Male) |
| 19:04 | Crear | Villager (Male) |
| 19:05 | Construir | Farm |
| 19:07 | Construir | Farm |
| 19:10 | Crear | Villager (Male) |
| 19:16 | Construir | Farm |
| 19:17 | Crear | Villager (Male) |
| 19:17 | Crear | Villager (Male) |
Build order — _LY_Pala
117 acciones detectadas en el replay
| 0:01 | Crear | Villager (Male) |
| 0:01 | Crear | Villager (Male) |
| 0:01 | Crear | Villager (Male) |
| 0:02 | Crear | Villager (Male) |
| 0:03 | Construir | House |
| 0:04 | Construir | House |
| 1:24 | Crear | Villager (Male) |
| 1:45 | Construir | Lumber Camp |
| 1:49 | Crear | Villager (Male) |
| 1:49 | Crear | Villager (Male) |
| 2:19 | Crear | Villager (Male) |
| 2:19 | Crear | Villager (Male) |
| 2:51 | Crear | Villager (Male) |
| 2:51 | Crear | Villager (Male) |
| 3:00 | Crear | Villager (Male) |
| 3:00 | Crear | Villager (Male) |
| 3:36 | Crear | Villager (Male) |
| 3:36 | Crear | Villager (Male) |
| 3:53 | Crear | Villager (Male) |
| 3:53 | Crear | Villager (Male) |
| 3:55 | Construir | House |
| 4:24 | Crear | Villager (Male) |
| 4:24 | Crear | Villager (Male) |
| 4:26 | Construir | House |
| 4:58 | Construir | Mill |
| 4:59 | Crear | Villager (Male) |
| 5:02 | Crear | Villager (Male) |
| 5:02 | Crear | Villager (Male) |
| 5:30 | Crear | Villager (Male) |
| 5:49 | Crear | Villager (Male) |
| 5:49 | Crear | Villager (Male) |
| 6:21 | Crear | Villager (Male) |
| 6:57 | Crear | Villager (Male) |
| 6:59 | Construir | Farm |
| 7:19 | Construir | Farm |
| 7:21 | Crear | Villager (Male) |
| 7:44 | Crear | Villager (Male) |
| 7:47 | Construir | Farm |
| 8:13 | Crear | Villager (Male) |
| 8:27 | Construir | Farm |
| 8:40 | Investigar | Feudal Age |
| 8:57 | Construir | House |
| 10:52 | Crear | Villager (Male) |
| 10:56 | Edad | Edad Feudal |
| 11:05 | Construir | Blacksmith |
| 11:08 | Construir | Market |
| 11:23 | Crear | Villager (Male) |
| 11:38 | Construir | House |
| 11:59 | Investigar | Castle Age |
| 12:29 | Investigar | Double-Bit Axe |
| 12:41 | Construir | House |
| 13:03 | Investigar | Horse Collar |
| 13:13 | Construir | Farm |
| 13:50 | Crear | Villager (Male) |
| 14:39 | Edad | Edad de los Castillos |
| 14:40 | Crear | Villager (Male) |
| 14:46 | Construir | Town Center |
| 14:48 | Construir | Town Center |
| 15:01 | Crear | Villager (Male) |
| 15:20 | Investigar | Bow Saw |
| 15:31 | Crear | Villager (Male) |
| 15:40 | Construir | Farm |
| 15:49 | Crear | Villager (Male) |
| 15:49 | Crear | Villager (Male) |
| 15:55 | Construir | Farm |
| 15:56 | Construir | Farm |
| 16:02 | Crear | Villager (Male) |
| 16:02 | Crear | Villager (Male) |
| 16:10 | Construir | Farm |
| 16:15 | Crear | Villager (Male) |
| 16:16 | Crear | Villager (Male) |
| 16:16 | Crear | Villager (Male) |
| 16:17 | Crear | Villager (Male) |
| 16:31 | Crear | Villager (Male) |
| 16:31 | Crear | Villager (Male) |
| 16:45 | Construir | Farm |
| 16:52 | Crear | Villager (Male) |
| 17:09 | Construir | Barracks |
| 17:12 | Crear | Villager (Male) |
| 17:12 | Crear | Villager (Male) |
| 17:14 | Crear | Villager (Male) |
| 17:29 | Crear | Villager (Male) |
| 17:30 | Crear | Villager (Male) |
| 17:30 | Crear | Villager (Male) |
| 17:30 | Crear | Villager (Male) |
| 17:36 | Crear | Villager (Male) |
| 17:37 | Crear | Villager (Male) |
| 17:37 | Crear | Villager (Male) |
| 17:38 | Crear | Villager (Male) |
| 17:38 | Crear | Villager (Male) |
| 17:58 | Crear | Villager (Male) |
| 17:59 | Crear | Villager (Male) |
| 17:59 | Crear | Villager (Male) |
| 18:05 | Crear | Villager (Male) |
| 18:06 | Crear | Villager (Male) |
| 18:06 | Crear | Villager (Male) |
| 18:11 | Construir | House |
| 18:21 | Crear | Villager (Male) |
| 18:25 | Construir | Archery Range |
| 18:29 | Construir | Farm |
| 18:31 | Crear | Villager (Male) |
| 18:31 | Crear | Villager (Male) |
| 18:41 | Crear | Villager (Male) |
| 18:41 | Crear | Villager (Male) |
| 18:57 | Construir | Farm |
| 18:59 | Construir | House |
| 19:02 | Crear | Villager (Male) |
| 19:03 | Crear | Villager (Male) |
| 19:03 | Crear | Villager (Male) |
| 19:10 | Crear | Cavalry Archer |
| 19:11 | Crear | Cavalry Archer |
| 19:14 | Construir | Farm |
| 19:16 | Construir | Farm |
| 19:22 | Crear | Villager (Male) |
| 19:23 | Crear | Villager (Male) |
| 19:23 | Crear | Villager (Male) |
| 19:25 | Construir | House |
Build order — calypso1119
121 acciones detectadas en el replay
| 0:03 | Construir | House |
| 0:04 | Construir | House |
| 0:08 | Crear | Villager (Male) |
| 0:09 | Crear | Villager (Male) |
| 0:09 | Crear | Villager (Male) |
| 0:09 | Crear | Villager (Male) |
| 0:10 | Crear | Villager (Male) |
| 1:35 | Crear | Villager (Male) |
| 1:35 | Crear | Villager (Male) |
| 1:48 | Crear | Villager (Male) |
| 1:48 | Crear | Villager (Male) |
| 1:52 | Construir | Lumber Camp |
| 2:27 | Crear | Villager (Male) |
| 2:38 | Crear | Villager (Male) |
| 3:18 | Construir | Palisade Wall |
| 3:23 | Construir | Palisade Wall |
| 3:27 | Crear | Villager (Male) |
| 3:27 | Crear | Villager (Male) |
| 3:29 | Construir | Palisade Wall |
| 3:32 | Construir | Palisade Wall |
| 3:35 | Construir | Palisade Wall |
| 3:40 | Construir | Palisade Wall |
| 3:41 | Crear | Villager (Male) |
| 3:42 | Crear | Villager (Male) |
| 3:46 | Construir | Palisade Gate |
| 3:58 | Construir | Palisade Wall |
| 4:00 | Crear | Villager (Male) |
| 4:01 | Crear | Villager (Male) |
| 4:05 | Construir | Palisade Wall |
| 4:08 | Construir | Palisade Wall |
| 4:09 | Construir | House |
| 4:11 | Construir | Palisade Wall |
| 4:43 | Crear | Villager (Male) |
| 4:58 | Crear | Villager (Male) |
| 4:58 | Crear | Villager (Male) |
| 4:58 | Crear | Villager (Male) |
| 5:14 | Construir | Mill |
| 5:56 | Crear | Villager (Male) |
| 5:56 | Crear | Villager (Male) |
| 6:07 | Crear | Villager (Male) |
| 6:10 | Construir | House |
| 7:13 | Crear | Villager (Male) |
| 7:14 | Crear | Villager (Male) |
| 7:20 | Construir | Lumber Camp |
| 7:38 | Crear | Villager (Male) |
| 7:42 | Crear | Villager (Male) |
| 8:17 | Construir | Mining Camp |
| 8:19 | Investigar | Feudal Age |
| 8:27 | Construir | Farm |
| 8:28 | Construir | Farm |
| 8:48 | Construir | Farm |
| 8:50 | Investigar | Feudal Age |
| 8:55 | Construir | House |
| 10:27 | Construir | Farm |
| 11:04 | Edad | Edad Feudal |
| 11:07 | Crear | Villager (Male) |
| 11:07 | Crear | Villager (Male) |
| 11:09 | Construir | Market |
| 11:11 | Construir | Blacksmith |
| 11:42 | Construir | Farm |
| 11:42 | Construir | Farm |
| 11:58 | Investigar | Castle Age |
| 11:58 | Investigar | Castle Age |
| 12:03 | Investigar | Double-Bit Axe |
| 12:03 | Investigar | Double-Bit Axe |
| 12:05 | Construir | Farm |
| 12:08 | Construir | Farm |
| 12:48 | Investigar | Horse Collar |
| 12:49 | Investigar | Horse Collar |
| 12:57 | Construir | Farm |
| 12:58 | Crear | Villager (Male) |
| 12:58 | Crear | Villager (Male) |
| 13:16 | Construir | House |
| 14:28 | Crear | Villager (Male) |
| 14:38 | Edad | Edad de los Castillos |
| 14:40 | Construir | Town Center |
| 14:43 | Construir | Town Center |
| 14:44 | Crear | Villager (Male) |
| 14:49 | Investigar | Bow Saw |
| 14:50 | Investigar | Bow Saw |
| 15:29 | Crear | Villager (Male) |
| 15:29 | Crear | Villager (Male) |
| 15:49 | Construir | Farm |
| 16:02 | Crear | Villager (Male) |
| 16:03 | Crear | Villager (Male) |
| 16:05 | Crear | Villager (Male) |
| 16:06 | Crear | Villager (Male) |
| 16:06 | Crear | Villager (Male) |
| 16:08 | Construir | Farm |
| 16:09 | Construir | Farm |
| 16:11 | Construir | Farm |
| 16:14 | Construir | Farm |
| 16:15 | Crear | Villager (Male) |
| 16:39 | Crear | Villager (Male) |
| 16:39 | Crear | Villager (Male) |
| 16:43 | Construir | Farm |
| 16:48 | Crear | Villager (Male) |
| 16:48 | Crear | Villager (Male) |
| 16:49 | Construir | Farm |
| 16:51 | Construir | Farm |
| 16:54 | Construir | House |
| 16:54 | Construir | House |
| 16:55 | Construir | House |
| 16:58 | Crear | Villager (Male) |
| 16:58 | Crear | Villager (Male) |
| 17:02 | Construir | Farm |
| 17:26 | Crear | Villager (Male) ×3 |
| 17:27 | Crear | Villager (Male) ×3 |
| 17:28 | Construir | Farm |
| 17:29 | Construir | Farm |
| 18:02 | Crear | Villager (Male) ×5 |
| 18:13 | Crear | Villager (Male) |
| 18:20 | Construir | Town Center |
| 18:26 | Construir | House |
| 18:27 | Construir | House |
| 18:28 | Construir | House |
| 18:28 | Construir | House |
| 18:42 | Crear | Villager (Male) |
| 18:43 | Crear | Villager (Male) |
| 18:44 | Construir | Farm |
| 18:45 | Construir | Farm |
Cronología de la partida
| 3:18 | calypso1119 · wall_segment Palisade Wall x1 |
| 3:23 | calypso1119 · wall_segment Palisade Wall x1 |
| 3:29 | calypso1119 · wall_segment Palisade Wall x1 |
| 3:32 | calypso1119 · wall_segment Palisade Wall x1 |
| 3:35 | calypso1119 · wall_segment Palisade Wall x1 |
| 3:40 | calypso1119 · wall_segment Palisade Wall x1 |
| 3:58 | calypso1119 · wall_segment Palisade Wall x1 |
| 4:05 | calypso1119 · wall_segment Palisade Wall x1 |
| 4:08 | calypso1119 · wall_segment Palisade Wall x1 |
| 4:11 | calypso1119 · wall_segment Palisade Wall x1 |
| 8:08 | MooN | MooN · age_up feudal |
| 8:18 | IAmCharlieKirk67DiddyFan · wall_segment Palisade Wall x8 |
| 9:45 | IAmCharlieKirk67DiddyFan · wall_segment Palisade Wall x3 |
| 9:54 | IAmCharlieKirk67DiddyFan · wall_segment Palisade Wall x3 |
| 10:18 | IAmCharlieKirk67DiddyFan · wall_segment Palisade Wall x6 |
| 10:36 | IAmCharlieKirk67DiddyFan · wall_segment Palisade Wall x3 |
| 10:56 | IAmCharlieKirk67DiddyFan · age_up feudal |
| 10:56 | _LY_Pala · age_up feudal |
| 11:04 | calypso1119 · age_up feudal |
| 11:21 | hK | Danyboing · age_up feudal |
| 11:29 | Feisty · age_up feudal |
| 11:45 | 2Fost2Furious · age_up feudal |
| 11:59 | IAmCharlieKirk67DiddyFan · wall_segment Palisade Wall x1 |
| 12:00 | IAmCharlieKirk67DiddyFan · wall_segment Palisade Wall x1 |
| 12:05 | IAmCharlieKirk67DiddyFan · wall_segment Palisade Wall x1 |
| 12:05 | IAmCharlieKirk67DiddyFan · wall_segment Palisade Wall x1 |
| 12:11 | hK | Soldier Boy · age_up feudal |
| 12:12 | IAmCharlieKirk67DiddyFan · wall_segment Palisade Wall x1 |
| 12:12 | IAmCharlieKirk67DiddyFan · wall_segment Palisade Wall x1 |
| 12:24 | Feisty · first_market_sell 100 food |
| 14:38 | calypso1119 · age_up castle |
| 14:39 | _LY_Pala · age_up castle |
| 14:47 | IAmCharlieKirk67DiddyFan · first_market_sell 500 stone |
| 14:47 | hK | Danyboing · first_market_buy 100 wood |
| 15:05 | Feisty · age_up castle |
| 15:09 | hK | Danyboing · age_up castle |
| 15:24 | 2Fost2Furious · age_up castle |
| 15:43 | hK | Soldier Boy · age_up castle |
| 15:59 | IAmCharlieKirk67DiddyFan · first_market_buy 100 food |
| 16:32 | hK | Soldier Boy · first_building Monastery |
| 16:39 | MooN | MooN · first_building Barracks |
| 16:42 | Feisty · first_building Barracks |
| 17:09 | _LY_Pala · first_building Barracks |
| 17:12 | 2Fost2Furious · first_building Castle |
| 17:55 | 2Fost2Furious · wall_segment Stone Wall x1 |
| 17:57 | 2Fost2Furious · wall_segment Stone Wall x1 |
| 17:57 | 2Fost2Furious · wall_segment Stone Wall x1 |
| 18:00 | 2Fost2Furious · wall_segment Stone Wall x1 |
| 18:01 | 2Fost2Furious · wall_segment Stone Wall x1 |
| 18:02 | 2Fost2Furious · wall_segment Stone Wall x1 |
| 18:04 | 2Fost2Furious · wall_segment Stone Wall x1 |
| 18:05 | 2Fost2Furious · wall_segment Stone Wall x1 |
| 18:06 | 2Fost2Furious · wall_segment Stone Wall x1 |
| 18:17 | calypso1119 · first_market_buy 100 stone |
| 18:25 | _LY_Pala · first_building Archery Range |
| 18:33 | Feisty · first_building Stable |
| 18:42 | 2Fost2Furious · resign |
| 19:05 | IAmCharlieKirk67DiddyFan · age_up castle |
| 19:14 | IAmCharlieKirk67DiddyFan · first_building Siege Workshop |
[ ANÁLISIS IA · 1 CRÉDITO ]
¿Qué pasó realmente en esta partida?
Wolo.gg analiza cada decisión: build order, eco, micro, errores típicos por bracket. Análisis personalizado por WhatsApp o Discord en 30 segundos.
Guía civ
Turcos
Perfil
Jugador #22317653